 Dungeon Crawl Stone Soup version 0.31-a0-263-ge8cad7f256 (webtiles) character file.

Game seed: 13400046327538825859

55 qw the Shooter (level 3, -3/29 HPs)
             Began as a Minotaur Hexslinger on July 13, 2023.
             Slain by Sigmund
             ... wielding a +0 scythe
              (9 damage)
             ... on level 2 of the Dungeon.
             The game lasted 00:00:30 (1256 turns).

qw the Shooter (Minotaur Hexslinger)                Turns: 1256, Time: 00:00:31

Health: -3/29      AC:  3    Str: 12    XL:     3   Next: 67%
Magic:  3/3        EV: 12    Int: 10    God:
Gold:   88         SH:  0    Dex: 14    Spells: 3/4 levels left

rFire   . . .        Y - +1 sling
rCold   . . .        (no shield)
rNeg    . . .        h - +0 leather armour
rPois   .            (helmet restricted)
rElec   .            (no cloak)
rCorr   .            (no gloves)
SInv    .            (no boots)
Will    .....        (no amulet)
Stlth   +            (no ring)
HPRegen 0.24/turn    (no ring)
MPRegen 0.08/turn

%: no passive effects
@: no status effects
A: horns 2, retaliatory headbutt
a: no special abilities


You were on level 2 of the Dungeon.
You visited 1 branch of the dungeon, and saw 2 of its levels.

You collected 88 gold pieces.


Innate Abilities, Weirdness & Mutations

You have a pair of horns on your head.
You reflexively headbutt those who attack you in melee.


   Skills:
 - Level 2.0 Fighting
 + Level 4.2 Ranged Weapons
 - Level 2.1 Dodging
 - Level 1.0 Spellcasting
 - Level 2.0 Hexes


You had 3 spell levels left.
You knew the following spells:

 Your Spells              Type           Power      Damage    Failure   Level
a - Slow                  Hex            16%        N/A       19%         1

Your spell library contained the following spells:

 Spells                   Type           Power      Damage    Failure   Level
 Inner Flame              Hex/Fire       2%         N/A       65%         3
 Portal Projectile        Hex/Tloc       4%         N/A       65%         3
 Cause Fear               Hex            2%         N/A       88%         4

Inventory:

Hand Weapons
 Y - a +1 sling (weapon)
Armour
 h - a +0 leather armour (worn)
Scrolls
 a - a scroll of teleportation
 b - a scroll of enchant weapon {unknown}
 f - a scroll of amnesia {unknown}
 g - a scroll of identify
Potions
 c - a potion of curing {unknown}
 d - 2 potions of cancellation {unknown}
 e - a potion of berserk rage {unknown}
 i - a potion of enlightenment {unknown}
 k - a potion of degeneration {unknown}

Dungeon Overview and Level Annotations

Branches:
Dungeon (2/15)

Altars:

Annotations:
D:2 Sigmund


Message History

You shoot a sling bullet. The jackal barks!
The sling bullet hits the jackal.
The jackal is lightly wounded.
You shoot a sling bullet.
The sling bullet closely misses the jackal.
You shoot a sling bullet.
The sling bullet barely misses the jackal.
The sling bullet hits the jackal.
The jackal is heavily wounded.
The jackal bites you but does no damage.
You shoot a sling bullet.
The sling bullet closely misses the jackal.
The jackal barely misses you. You furiously retaliate!
You headbutt the jackal!
You kill the jackal!
The jackal barely misses you.
You shoot a sling bullet. The sling bullet hits the jackal!
You kill the jackal!
The jackal closely misses you. You furiously retaliate!
You headbutt the jackal.
Sigmund gestures wildly while chanting.
Sigmund flickers and vanishes!
Deactivating autopickup; reactivate with Ctrl-A.
The jackal misses you. You furiously retaliate!
You headbutt the jackal.
You kill the jackal!
You shoot a sling bullet. Something hits you.
You shoot a sling bullet. Something hits you.
You shoot a sling bullet. Something hits you.
You shoot a sling bullet. Something hits you.
You shoot a sling bullet. You shoot a sling bullet. Something hits you.
You shoot a sling bullet. Something hits you!
You shoot a sling bullet. Something hits you!
You die...

#...........>...
#####.............# ....
....####..#####...##....
....%.....###...........
....####%...............
##### #..........#.....
########................
..........)......%#....#
#......#........@%{....#
#......##.#####.#.#.#...
#......##.# #.#.#
#######.... ..... # .#.
####.#. # #. .#.) # .#
## # .# ####


There were no monsters in sight!

Vanquished Creatures
  A worm (D:2)
  2 dart slugs
  3 endoplasms
  4 giant cockroaches
  4 goblins
  2 hobgoblins (D:1)
  6 jackals (D:2)
  2 kobolds (D:1)
  A quokka (D:1)
  5 ball pythons
  9 bats
  A frilled lizard (D:1)
  2 rats
42 creatures vanquished.

Notes
Turn   | Place    | Note
-------+----------+-------------------------------------------
     0 | D:1      | qw the Minotaur Hexslinger began the quest for the Orb.
     0 | D:1      | Reached XP level 1. HP: 16/16 MP: 1/1
     0 | D:1      | 0 ||| qw: Version: 0.3-a-52-g30416fa
     0 | D:1      | 0 ||| qw: Game counter: 7471
     0 | D:1      | 0 ||| qw: Melee chars always use a shield: true
     0 | D:1      | 0 ||| qw: God list: Okawaru
     0 | D:1      | 0 ||| qw: Allow faded altars: false
     0 | D:1      | 0 ||| qw: Do Orc after clearing Dungeon:15 true
     0 | D:1      | 0 ||| qw: Do second Lair branch before Depths: true
     0 | D:1      | 0 ||| qw: Lair rune preference: random
     0 | D:1      | 0 ||| qw: Goals: Normal
     0 | D:1      | 0 ||| PLANNING D:1-11
   140 | D:1      | Reached skill level 3 in Ranged Weapons
   140 | D:1      | Reached XP level 2. HP: 23/23 MP: 2/2
   452 | D:1      | Reached XP level 3. HP: 23/29 MP: 3/3
   756 | D:1      | 756 ||| UPGRADING to +0 leather armour.
   766 | D:1      | 766 ||| DROPPING +0 robe.
   767 | D:1      | 767 ||| READING scroll labelled BIWOEBB HEIMASUS.
   819 | D:1      | 819 ||| READING scroll labelled CUDI HEGUTZE.
   824 | D:1      | 824 ||| READING scroll labelled RECOCI DOXAHU.
   825 | D:1      | 825 ||| DROPPING scroll of poison.
  1096 | D:2      | Reached skill level 4 in Ranged Weapons
  1109 | D:2      | Found a faded altar of an unknown god.
  1243 | D:2      | Noticed Sigmund
  1255 | D:2      | HP: 5/29 [something (10)]
  1256 | D:2      | Slain by Sigmund

Levels and vault maps discovered:
D:1:      onia_arrival_mini_spirals, layout_loops_ring
D:2:      layout_basic, hellmonk_ecumenical_altar_dog_temple, uniq_sigmund,
          uniq_jessica

Skill      XL: |  1  2  3 |
---------------+----------+-----
Ranged Weapons | 3 4 |  4.2
Fighting       | 2 |  2.0
Dodging        | |  2.1
Spellcasting   | |  1.0
Hexes          | |  2.0

Action                     || total
---------------------------++-------
   Fire: Sling             ||   118
    Use: Scroll            ||     3
 Armour: Robe              ||    11
         Leather armour    ||     2
  Dodge: Dodged            ||    38

Table legend:
 A = Non-vault XP
 B = Vault XP
 C = Vault XP percentage of total XP
 D = Non-vault monster count
 E = Vault monster count
 F = Vault count percentage of total count
                 A         B        C        D         E       F
            +---------+---------+-------+---------+---------+-------
      Total |      75 |       4 |   5.1 |      40 |       2 |   4.8
            +---------+---------+-------+---------+---------+-------
        D:1 |      44 |       0 |   0.0 |      25 |       0 |   0.0
        D:2 |      31 |       4 |  11.4 |      15 |       2 |  11.8
            +---------+---------+-------+---------+---------+-------
